 Dungeon Crawl Stone Soup version 0.32-a0-886-g41c5271027 (webtiles) character file.

Game seed: 18426307490212044606

1628 Autsider the Frost Mage (level 8, -1/69 (74) HPs)
             Began as a Naga Ice Elementalist on Apr 2, 2024.
             Was a Follower of Cheibriados.
             Slain by Jeremiah
             ... wielding a +3 trident of draining
              (11 damage)
             ... on level 6 of the Dungeon.
             The game lasted 00:18:39 (5581 turns).

Autsider the Frost Mage (Naga Ice Elementalist)     Turns: 5581, Time: 00:18:39

HP:   -1/69 (74)    AC: 18    Str: 13    XL:     8   Next: 97%
MP:   8/14          EV: 10    Int: 22    God:    Cheibriados [*.....]
Gold: 302           SH:  0    Dex: 14    Spells: 8/15 levels left

rFire   . . .        h - +1 spear
rCold   . . .        (no shield)
rNeg    . . .        E - +2 robe {Will+}
rPois   +            e - +0 helmet
rElec   .            A - +0 cloak
rCorr   .            q - +2 pair of gloves
SInv    +            (no barding)
Will    ++...        m - amulet of regeneration
Stlth   ++           f - +4 ring of slaying
HPRegen 1.11/turn    (no ring)
MPRegen 0.14/turn

%: no passive effects
@: ice-armoured, freezing walls, drained, very slow
A: AC +2, large, see invisible, deformed body, poison resistance, slowness 2,
spit poison 1, naga tail 1
a: Spit Poison, Renounce Religion, Bend Time


You were on level 6 of the Dungeon.
You worshipped Cheibriados.
Cheibriados was aware of your devotion.
You visited 2 branches of the dungeon, and saw 7 of its levels.
You also visited: Ossuary.

You collected 302 gold pieces.

Inventory:

Hand Weapons
 h - a +1 spear (weapon)
 y - a +0 sling
Missiles
 r - 28 stones
 L - 4 atropa-tipped darts
Armour
 a - a +0 robe
 e - a +0 helmet (worn)
 q - a +2 pair of gloves (worn)
 w - a +0 tower shield
 A - a +0 cloak (worn)
 E - a +2 robe of willpower (worn)
Jewellery
 f - a +4 ring of slaying (left hand)
 l - an amulet of the acrobat
 m - an amulet of regeneration (around neck)
Wands
 p - a wand of light (11)
 z - a wand of flame (23)
 D - a wand of charming (9)
Scrolls
 g - 2 scrolls of teleportation {@r2}
 j - a scroll of amnesia {unknown}
 k - a scroll of enchant weapon
 o - 2 scrolls of fog
 s - a scroll of butterflies {unknown}
 x - a scroll of immolation {unknown}
 B - a scroll of fear {unknown}
 J - a scroll of enchant armour {unknown}
 K - 2 scrolls of noise {unknown}
Potions
 b - 2 potions of magic
 c - 2 potions of berserk rage
 d - 2 potions of brilliance
 i - 2 potions of degeneration
 n - a potion of invisibility {unknown}
 t - 3 potions of mutation
 u - 2 potions of resistance
 v - a potion of attraction {unknown}
 C - a potion of cancellation {unknown}
 F - 4 potions of lignification
 G - 3 potions of enlightenment {unknown}
 H - 3 potions of curing
 I - a potion of might {unknown}
 M - 2 potions of heal wounds {unknown}
 N - a potion of haste {unknown}


   Skills:
 + Level 5.1 Fighting
 + Level 3.0 Polearms
 - Level 4.0 Dodging
 - Level 3.0 Stealth
 - Level 4.0 Spellcasting
 - Level 8.0 Ice Magic


You had 8 spell levels left.
You knew the following spells:

 Your Spells              Type           Power      Damage    Failure   Level
a - Freeze                Ice            100%       1d10      1%          1
b - Frozen Ramparts       Ice            78%        1d12      1%          3
c - Ozocubu's Armour      Ice            39%        N/A       1%          3

Your spell library contained the following spells:

 Spells                   Type           Power      Damage    Failure   Level
 Summon Ice Beast         Ice/Summ       22%        N/A       6%          3
 Foxfire                  Conj/Fire      16%        2x1d4     11%         1
 Plasma Beam              Fire/Air       2%         2x1d12    100%        6
 Starburst                Conj/Fire      2%         6d3       100%        6
 Malign Gateway           Summ/Tloc      2%         N/A       100%        7
 Summon Horrible Things   Summ           2%         N/A       100%        8


Dungeon Overview and Level Annotations

Branches:
Dungeon (6/15)             Temple (1/1) D:4         Ossuary (visited)

Altars:
Cheibriados
Dithmenos
Hepliaklqana
Kikubaaqudgha
Makhleb
Nemelex Xobeh
Okawaru
Qazlal
Ru
Trog
Uskayaw
Wu Jian
Yredelemnul
Zin
The Shining One

Shops:
D:1 ?[:*

Annotations:
D:6 Jeremiah


Innate Abilities, Weirdness & Mutations

Your serpentine skin is tough. (AC +2)
You have supernaturally acute eyesight. (SInv)
Armour fits poorly on your strangely shaped body.
Your system is resistant to poisons. (rPois)
You cover ground very slowly.
You can spit poison.
You have a snake-like lower body.


Message History

Jeremiah hits you from afar with a +3 trident of draining.
* * * LOW HITPOINT WARNING * * *
You feel drained. The steam dragon bites you!
* * * LOW HITPOINT WARNING * * *
The steam dragon barely misses you.
The butterfly is engulfed in a cloud of scalding steam.
The butterfly dies!
The butterfly disappears in a burst of colours!
Casting: Frozen Ramparts (safe; 1% risk of failure)
Confirm with . or Enter, or press ? or * to list all spells.
Casting: Frozen Ramparts (safe; 1% risk of failure)
Press: ? - help, Dir - look around, f - activate The walls around you are covered in ice.
The iguana hisses angrily.
The wall freezes the butterfly.
You kill the butterfly!
The butterfly disappears in a burst of colours!
Jeremiah cries, "Fearful master, protect me!"
Something smites you!
* * * LOW HITPOINT WARNING * * *
The steam dragon breathes steam at you. The ball of steam hits you!
* * * LOW HITPOINT WARNING * * *
The wall freezes the butterfly.
You kill the butterfly!
The butterfly disappears in a burst of colours!
Casting: Frozen Ramparts (safe; 1% risk of failure)
Confirm with . or Enter, or press ? or * to list all spells.
A film of ice covers your body!
You are engulfed in a cloud of scalding steam.
Jeremiah barely misses you. The steam dragon misses you.
The steam dragon barely misses you. The heat melts your icy armour.
It was a potion of curing.
You feel better.
The wall freezes the butterfly.
You kill the butterfly!
The butterfly disappears in a burst of colours!
Jeremiah hits you from afar with a +3 trident of draining!
You die...
Jeremiah asks, "What happened?
Did... did you die?"
Cheibriados appreciates the motionlessness of death.

### ...### ......
#.P~~F♣##
.P~b~bb@##
..~~~~D..#
♣~.bb~b..#
..b~≈b~.>#
.~~bbb~l.#
♣.~≈≈~~..########
.......
.~~~~~~P.........
.......
.~.P~♣~..########
.......
.P.~.....#


You could see Jeremiah, a steam dragon (catching breath) and an iguana.

Vanquished Creatures
  Pikel (D:4)
  Eustachio (D:4)
  An acid dragon (D:5)
  An ogre (D:6)
  3 lemures (D:4)
  3 water moccasin zombies (Ossuary)
  A burial acolyte (Ossuary)
  A hound (D:5)
  3 orc priests
  A sleepcap (D:5)
  Terence (D:2)
  An iguana (D:6)
  4 orc wizards (D:5)
  3 crocodile zombies (Ossuary)
  2 mummies (Ossuary)
  Robin (D:3)
  3 gnolls (D:3)
  3 adders
  2 white imps
  2 ufetubi (D:6)
  3 adder zombies (Ossuary)
  4 dart slugs
  2 ribbon worms
  10 orcs
  6 bats
  8 endoplasms
  3 giant cockroaches
  21 goblins
  6 hobgoblins
  6 jackals
  8 kobolds
  5 ball pythons
  8 frilled lizards
  3 gnoll zombies (Ossuary)
  4 jackal zombies (Ossuary)
  8 orc zombies (Ossuary)
  6 rats
149 creatures vanquished.

Notes
Turn   | Place    | Note
-------+----------+-------------------------------------------
     0 | D:1      | Autsider the Naga Ice Elementalist began the quest for the
                  | Orb.
     0 | D:1      | Reached XP level 1. HP: 15/15 MP: 3/3
    30 | D:1      | Found Vyukh's Book Shop.
    47 | D:1      | Found Kaci's Armour Boutique.
   109 | D:1      | Found Jomibik's General Store.
   228 | D:1      | Reached XP level 2. HP: 22/22 MP: 3/5
   659 | D:1      | Found Oruydgh's Magic Scroll Boutique.
   708 | D:1      | Reached XP level 3. HP: 28/28 MP: 6/6
  1200 | D:2      | Reached skill level 5 in Ice Magic
  1205 | D:2      | Learned a level 3 spell: Frozen Ramparts
  1234 | D:2      | Noticed Terence
  1247 | D:2      | Killed Terence
  1248 | D:2      | Reached XP level 4. HP: 29/36 MP: 3/7
  1963 | D:2      | Learned a level 3 spell: Ozocubu's Armour
  2244 | D:3      | Reached skill level 6 in Ice Magic
  2244 | D:3      | Reached XP level 5. HP: 32/42 MP: 1/8
  2856 | D:3      | Found a sparkling altar of Nemelex Xobeh.
  2991 | D:3      | Noticed Robin
  3002 | D:3      | Killed Robin
  3393 | D:4      | Noticed Eustachio
  3414 | D:4      | Killed Eustachio
  3415 | D:4      | Reached skill level 7 in Ice Magic
  3415 | D:4      | Reached XP level 6. HP: 49/49 MP: 0/9
  3537 | D:4      | Noticed a +0 spear
  3537 | D:4      | Noticed a +0 short sword
  3537 | D:4      | Noticed a +0 falchion
  3537 | D:4      | Noticed a +0 short sword
  3537 | D:4      | Noticed a +0 falchion
  3547 | D:4      | Found a hide-covered altar of Uskayaw.
  3548 | D:4      | Noticed a +0 dagger
  3549 | D:4      | Noticed a +0 dagger
  3549 | D:4      | Noticed a +0 spear
  3593 | D:4      | Noticed Pikel
  3627 | D:4      | Killed Pikel
  3628 | D:4      | Reached skill level 8 in Ice Magic
  3628 | D:4      | Reached XP level 7. HP: 40/62 MP: 1/12
  3993 | D:4      | Found a basalt altar of Yredelemnul.
  4101 | D:4      | Found a staircase to the Ecumenical Temple.
  4107 | Temple   | Entered the Ecumenical Temple
  4120 | Temple   | Became a worshipper of Cheibriados the Contemplative
  4181 | D:5      | Entered Level 5 of the Dungeon
  4351 | D:5      | Reached XP level 8. HP: 61/69 MP: 9/13
  4743 | D:5      | Reached * piety under Cheibriados
  5019 | D:6      | Found a sand-covered staircase.
  5027 | Ossuary  | Entered an ossuary
  5083 | Ossuary  | Reached skill level 1 in Polearms
  5371 | Ossuary  | Reached skill level 5 in Fighting
  5565 | D:6      | Noticed Jeremiah
  5579 | D:6      | HP: 3/69 [steam dragon/ball of steam (12)]
  5581 | D:6      | Slain by Jeremiah

Illustrated notes

Levels and vault maps discovered:
D:1:      wander_arrival_desolate, layout_basic, serial_shops,
          nicolae_shop_tiny_real_fake_doors, nicolae_shop_tiny_real_fake_doors,
          nicolae_shop_rolled_up, shop, amcnicky_mini_rare_corridor_liquid,
          chequers_serial_rivers_room_b
D:2:      minmay_chambers_of_twos, layout_basic, uniq_terence
D:3:      kennysheep_goblin_castle, layout_loops_corners, marbit_many_paths
D:4:      layout_rooms, nicolae_uskayaw_en_pointe,
          nicolae_overflow_hidden_temple, minmay_temple_entry_fiery,
          uniq_eustachio, uniq_pikel
D:5:      layout_gridville
D:6:      layout_basic, mainiacjoe_overflow_brackets, enter_ossuary_2,
          serial_glass, glass_columns_a, glass_columns_b, due_unseen_surprise,
          item_on_display_a, feat_on_display, item_on_display_a,
          serial_bayou_pond_b, kennysheep_generic_room_11, uniq_edmund,
          uniq_jeremiah
Temple:   nicolae_temple_ecumenical_triangle

Skill      XL: |  1  2  3  4  5  6  7  8 |
---------------+-------------------------+-----
Ice Magic      | 5 6 7 8 |  8.0
Fighting       | 3 5 |  5.1
Spellcasting   | 3 4 |  4.0
Dodging        | 4 |  4.0
Polearms       | 3 |  3.0
Stealth        | |  3.0

Action                     |  1- 3 |  4- 6 |  7- 9 || total
---------------------------+-------+-------+-------++-------
  Melee: Unarmed           |    15 |       |       ||    15
         Spear             |    37 |   121 |   160 ||   318
         Short sword       |     1 |       |       ||     1
   Cast: Freeze            |     2 |     4 |    10 ||    16
         Frozen Ramparts   |     1 |     9 |    21 ||    31
         Ozocubu's Armour  |       |     3 |     8 ||    11
Ability: Spit Poison       |     2 |       |       ||     2
    Use: Scroll            |       |       |     9 ||     9
         Potion            |       |       |     1 ||     1
   Stab: Sleeping          |    11 |     8 |     3 ||    22
         Distracted        |       |     1 |       ||     1
 Armour: Robe              |    13 |   101 |   124 ||   238
  Dodge: Dodged            |    16 |    71 |    66 ||   153

Table legend: (Time is in decaauts)
 A = Elapsed time spent in this place.
 B = Non-inter-level travel time spent in this place.
 C = Inter-level travel time spent in this place.
 D = Time resting spent in this place.
 E = Time spent auto-exploring this place.
 F = Levels seen in this place.
 G = Mean time per level.
                   A        B        C        D        E       F      G
               +--------+--------+--------+--------+--------+-----+--------+
         Total |   7482 |   6875 |    607 |     74 |   5503 |   8 |  935.2 |
       Dungeon |   6895 |   6316 |    579 |      0 |   5188 |   6 | 1149.2 |
        Temple |     30 |      2 |     28 |      0 |      0 |   1 |   30.0 |
       Ossuary |    556 |    556 |      0 |     74 |    315 |   1 |  556.0 |
               +--------+--------+--------+--------+--------+-----+--------+

Top non-repeatable levels by time:
     D:1: 1779 daAuts
     D:3: 1548 daAuts
     D:2: 1193 daAuts
     D:5: 1182 daAuts
     D:4: 986 daAuts
 Ossuary: 556 daAuts
     D:6: 206 daAuts
  Temple: 30 daAuts
